 Dungeon Crawl Stone Soup version 0.28-a0-984-g3775c662fe (webtiles) character file.

Game seed: 13818301424488477933

6200 siradein the Charlatan (level 10, -17/79 HPs)
             Began as a Demonspawn Artificer on Dec 3, 2021.
             Was an Initiate of Gozag.
             Demolished by a boulder beetle (26 damage)
             ... on level 8 of the Dungeon.
             The game lasted 00:32:59 (15288 turns).

siradein the Charlatan (Demonspawn Artificer)      Turns: 15288, Time: 00:33:01

Health: -17/79     AC:  7    Str: 12    XL:     10   Next: 61%
Magic:  10/10      EV: 15    Int: 21    God:    Gozag
Gold:   20         SH:  0    Dex: 17    Spells: 9/9 levels left

rFire   + . .      SeeInvis .   A - +0 great sword
rCold   . . .      Faith    .   (shield currently unavailable)
rNeg    . . .      Spirit   .   D - +0 steam dragon scales
rPois   +          Reflect  .   (no helmet)
rElec   .          Harm     .   t - +0 cloak
rCorr   .          Rampage  .   (no gloves)
Will    .....                   (no boots)
Stlth   ++++......              (no amulet)
HPRegen 0.23/turn               l - ring of Cowardice {rPois rF+ Str-5 Int+8 Slay+5}
MPRegen 0.12/turn               x - ring of flight

@: flying
A: hooves 1, thin skeletal structure 2, ignite blood 2, powered by pain 1
a: Renounce Religion, Potion Petition, Call Merchant, Bribe Branch


You were on level 8 of the Dungeon.
You worshipped Gozag.
Gozag was noncommittal.
You visited 2 branches of the dungeon, and saw 9 of its levels.
You also visited: Sewer.

You collected 761 gold pieces.
You spent 635 gold pieces at shops.
You paid 106 gold pieces to Gozag.

Inventory:

Hand Weapons
 j - a +0 hand crossbow
 A - a +0 great sword (weapon)
 H - a +0 scimitar
Missiles
 f - 79 poisoned darts
 E - 26 bolts
Armour
 t - a +0 cloak (worn)
 D - +0 steam dragon scales (worn)
Jewellery
 l - the ring of Cowardice (left hand) {rPois rF+ Str-5 Int+8 Slay+5}
   (You bought it in a shop on level 3 of the Dungeon)

   [ring of protection from fire]

   Str:       It affects your strength (-5).
   Int:       It affects your intelligence (+8).
   Slay:      It affects your accuracy & damage with ranged weapons and melee
   (+5).
   rF:        It protects you from fire.
   rPois:     It protects you from poison.
 m - a ring of magical power
 r - a ring of magical power
 x - a ring of flight (right hand)
 B - a ring of resist corrosion
Wands
 c - a wand of flame (33)
 d - a wand of charming (14)
 G - a wand of paralysis (14)
Scrolls
 b - 2 scrolls of holy word
 g - 2 scrolls of amnesia
 n - 4 scrolls of teleportation
 q - a scroll of blinking {unknown}
 v - a scroll of enchant weapon
 y - a scroll of acquirement
Potions
 a - a potion of heal wounds {unknown}
 h - 2 potions of might {unknown}
 i - a potion of attraction {unknown}
 k - 3 potions of curing {unknown}
 p - a potion of flight {unknown}
 s - 5 potions of mutation
 u - 2 potions of brilliance {unknown}
 w - a potion of haste {unknown}
 z - a potion of ambrosia {unknown}
 C - 2 potions of lignification {unknown}
Miscellaneous
 e - a piece from Xom's chessboard (11/15) (quivered)


   Skills:
 + Level 7.3 Fighting
 + Level 6.2 Long Blades
 + Level 6.8 Armour
 + Level 6.6 Dodging
 - Level 0.8 Stealth
 + Level 7.9 Evocations


You had 9 spell levels left.
You didn't know any spells.
Your spell library contained the following spells:

 Spells                   Type           Power      Damage    Failure   Level
 Animate Skeleton         Necr           0%         N/A       19%         1
 Apportation              Tloc           0%         N/A       19%         1
 Slow                     Hex            0%         N/A       19%         1
 Summon Small Mammal      Summ           0%         N/A       19%         1
 Passwall                 Tmut/Erth      0%         N/A       26%         2
 Confusing Touch          Hex            0%         N/A       47%         3
 Dazzling Flash           Conj/Hex       0%         N/A       47%         3
 Swiftness                Air            0%         N/A       47%         3
 Vampiric Draining        Necr           0%         2d6       47%         3
 Iskenderun's Mystic Bla  Conj/Tloc      0%         2d3       87%         4
 Starburst                Conj/Fire      0%         6d3       100%        6


Dungeon Overview and Level Annotations

Branches:
Dungeon (8/15)             Temple (1/1) D:7           Sewer (visited)
   Lair: D:8-11

Altars:
Ashenzari
Cheibriados
Dithmenos
Elyvilon
Fedhas
Gozag
Hepliaklqana
Kikubaaqudgha
Makhleb
Nemelex Xobeh
Okawaru
Qazlal
Ru
Sif Muna
Trog
Uskayaw
Vehumet
Wu Jian
Xom
Yredelemnul
Zin
The Shining One

Shops:
D:3 =   D:7 ?

Annotations:
D:4 1 runed translucent door, rougesareth's ghost, amateur GnWz
D:7 Harold


Innate Abilities, Weirdness & Mutations

You have large cloven feet.
You have a moderately thin skeletal structure. (Dex +4, Stealth++)
Your demonic aura often causes spilled blood to erupt in flames.
You sometimes gain a little power by taking damage.


Message History

Press: ? - help, v - describe, . - travel
Here: a five-headed hydra (wandering, hasn't noticed you)
The floor.
There is a stone staircase leading up here.
There is a stone staircase leading up, spattered with blood here.
You see here a +3 short sword.
A boulder beetle comes into view.
The helpless boulder beetle fails to defend itself.
You slash the boulder beetle!
You kick the boulder beetle, but do no damage.
The boulder beetle is lightly wounded.
The boulder beetle waves its antennae.
The boulder beetle barely misses you.
You slash the boulder beetle!
The boulder beetle is moderately wounded.
The boulder beetle bites you! The boulder beetle closely misses you.
You slash the boulder beetle!
You kick the boulder beetle, but do no damage.
The boulder beetle is heavily wounded.
The boulder beetle bites you!
You hit the boulder beetle.
You kick the boulder beetle, but do no damage.
The boulder beetle is severely wounded.
The boulder beetle bites you. The boulder beetle closely misses you.
You barely miss the boulder beetle.
The boulder beetle is heavily wounded.
The boulder beetle closely misses you.
You hit the boulder beetle but do no damage.
You kick the boulder beetle, but do no damage.
The boulder beetle is heavily wounded.
The boulder beetle bites you!!
You are too injured to fight recklessly!
You are too injured to fight recklessly!
You barely miss the boulder beetle.
The boulder beetle is heavily wounded.
The boulder beetle bites you!
* * * LOW HITPOINT WARNING * * *
The boulder beetle bites you!!
You die...
Your body crumbles into a pile of gold.

.....##.....o..####..o......####.
.....#####.##.## ##.......# ##
..).)# #.#### ##.o<..## # .....#
#.# ##...## ....## #.# ##+##
..o## #.# ######.# #o## #.#
#......######### #.# #.#######.#
#..##....... #$# #.....B@..#
#...#.#####. .$#
#########.###.....#####. ###
#........#.......
#.#####.##....... #.# #.##.......
#.# #.......... #.# #.##.......
########.#####.##.......
#.)............##.......


You could see a boulder beetle.

Vanquished Creatures
  Pikel (D:6)
  Prince Ribbit (D:7)
  4 yaks (D:8)
  2 steam dragons
  6 orc warriors
  3 water moccasins
  Pargi (D:4)
  3 ice beasts
  A necrophage (D:7)
  A sky beast (D:8)
  5 ogres
  6 kobold brigands
  3 wyvern zombies
  4 bullfrogs
  4 scorpions
  2 water moccasin zombies
  A wyvern skeleton (D:5)
  5 wights
  An electric eel (D:7)
  3 bullfrog zombies
  3 centaur zombies
  3 jellies (D:6)
  4 orc priests (D:6)
  2 hounds
  A bullfrog skeleton (D:6)
  A centaur skeleton (D:7)
  7 gnoll shamans
  5 iguanas
  8 orc wizards
  A scorpion zombie (D:5)
  3 killer bee zombies
  7 gnolls (D:7)
  10 adders
  2 river rats (D:6)
  A worm (D:4)
  26 orcs
  9 endoplasms
  5 giant cockroaches
  3 hobgoblins
  4 jackals (D:4)
  24 kobolds
  4 quokkas
  15 ball pythons
  5 bats
  4 frilled lizards
  6 goblins
  4 rats
224 creatures vanquished.

Vanquished Creatures (others)
  6 fungi (D:7)
  40 plants (D:7)
46 creatures vanquished.

Grand Total: 270 creatures vanquished

Notes
Turn   | Place    | Note
-------+----------+-------------------------------------------
     0 | D:1      | siradein the Demonspawn Artificer began the quest for the
                  | Orb.
     0 | D:1      | Reached XP level 1. HP: 15/15 MP: 1/1
   123 | D:1      | Reached skill level 1 in Dodging
   772 | D:1      | Gained mutation: Your demonic aura sometimes causes spilled
                  | blood to erupt in flames. [demonic ancestry]
   772 | D:1      | Reached XP level 2. HP: 21/21 MP: 2/2
  1113 | D:2      | Gained mutation: Your demonic aura often causes spilled
                  | blood to erupt in flames. [demonic ancestry]
  1113 | D:2      | Reached XP level 3. HP: 23/27 MP: 3/3
  2784 | D:3      | Reached XP level 4. HP: 26/33 MP: 4/4
  3157 | D:3      | Reached skill level 1 in Long Blades
  3336 | D:3      | Found a faded altar of an unknown god.
  3646 | D:3      | Found Moytit's One-of-a-Kind Rings.
  3729 | D:3      | Found a shadowy altar of Dithmenos.
  4160 | D:4      | Noticed a scorpion
  4170 | D:4      | Killed a scorpion
  4171 | D:4      | Reached XP level 5. HP: 25/39 MP: 5/5
  4419 | D:4      | Noticed Pargi
  4432 | D:4      | Killed Pargi
  4433 | D:4      | Gained mutation: You have large cloven feet. [demonic
                  | ancestry]
  4433 | D:4      | Reached XP level 6. HP: 29/46 MP: 6/6
  5155 | D:4      | Found a runed translucent door.
  5155 | D:4      | Noticed rougesareth's ghost (amateur GnWz)
  5290 | D:5      | Entered Level 5 of the Dungeon
  5359 | D:5      | Gained mutation: You have a somewhat thin skeletal
                  | structure. (Dex +2, Stealth+) [demonic ancestry]
  5359 | D:5      | Reached XP level 7. HP: 51/52 MP: 7/7
  5741 | D:5      | Found a basalt altar of Yredelemnul.
  6316 | D:6      | Found a glowing drain.
  6334 | Sewer    | Entered a sewer
  6435 | Sewer    | Reached skill level 5 in Evocations
  6567 | D:6      | Gained mutation: You sometimes gain a little power by
                  | taking damage. [demonic ancestry]
  6567 | D:6      | Reached XP level 8. HP: 40/60 MP: 8/8
  8249 | D:6      | Identified a scroll of acquirement
  8307 | D:6      | Reached skill level 5 in Fighting
  8634 | D:6      | Reached skill level 5 in Armour
  8902 | D:6      | Gained mutation: You have a moderately thin skeletal
                  | structure. (Dex +4, Stealth++) [demonic ancestry]
  8902 | D:6      | Reached XP level 9. HP: 68/68 MP: 9/9
  9065 | D:6      | Reached skill level 5 in Dodging
 10027 | D:7      | Noticed Pikel
 10028 | D:7      | Found a broken altar of Ashenzari.
 10098 | D:6      | Killed Pikel
 10099 | D:6      | Reached skill level 5 in Long Blades
 10372 | D:7      | Found Jothraps's Magic Scroll Shoppe.
 10393 | D:7      | Noticed Prince Ribbit
 10406 | D:7      | Killed Prince Ribbit
 10486 | D:7      | Found a staircase to the Ecumenical Temple.
 10818 | Temple   | Entered the Ecumenical Temple
 10950 | Temple   | Became a worshipper of Gozag Ym Sagoz the Greedy
 11267 | D:7      | Reached XP level 10. HP: 77/77 MP: 10/10
 11654 | D:7      | Found an ancient bone altar of Kikubaaqudgha.
 13032 | D:7      | Found a blossoming altar of Fedhas.
 13036 | D:7      | Found a stormy altar of Qazlal.
 13041 | D:7      | Noticed Harold
 14250 | D:8      | Noticed a five-headed hydra
 15096 | D:3      | Bought the ring of Cowardice {rPois rF+ Str-5 Int+8 Slay+5}
                  | for 635 gold pieces
 15279 | D:8      | Noticed a boulder beetle
 15288 | D:8      | Demolished by a boulder beetle

Illustrated notes

Levels and vault maps discovered:
D:1:      nzn_arrival_crosshair, layout_basic
D:2:      layout_loops_ring, minmay_pentomino_w4
D:3:      layout_basic, nicolae_dithmenos_through_a_glass_darkly,
          basic_ecumenical_altar, serial_aquarium, aquarium_bridge_square
          [aquarium_subvault_wall, aquarium_subvault_bridge,
          aquarium_subvault_bridge, aquarium_subvault_wall], aquarium_window_1,
          aquarium_window_1, aquarium_window_2, aquarium_view_2c,
          aquarium_view_2c, nicolae_shop_unique_rings, amethyst_killhole,
          serial_bayou_pond_b, minivault_24, minmay_misc_feat_nine_boxes,
          minmay_snake_closets
D:4:      layout_loops_ring, ebering_ghost_inner_flame, mrwooster_statue_mirror,
          uniq_pargi
D:5:      layout_rooms, nicolae_yredelemnul_corpse_copse, serial_glass,
          glass_columns_b, glass_columns_c, glass_columns_b, glass_columns_a,
          glass_columns_b, glass_columns_a
D:6:      minmay_skewed_foursquare, layout_cave_pools, portal_sewer_entry_b,
          minmay_diced_spiral
D:7:      kennysheep_seaside_town, layout_gridville,
          grunt_temple_overflow_forces_of_nature, mainiacjoe_overflow_alcove_2,
          ashenzari_altar_1, nicolae_elyvilon_temple_path, temple_doors_e,
          serial_shops, kennysheep_little_box, serial_bayou,
          serial_bayou_pond_d, serial_bayou_pond_a, serial_bayou_lagoon_a,
          grunt_ministairs_13, uniq_prince_ribbit1, uniq_pikel, uniq_harold
D:8:      layout_loops_corners, special_room [special_room_orc],
          kennysheep_generic_room_2
Temple:   regret_index_temple_waves

Skill      XL: |  1  2  3  4  5  6  7  8  9 10 |
---------------+-------------------------------+-----
Dodging        | 1 2 3 4 5 6 |  6.6
Armour         | 2 3 4 5 6 |  6.8
Fighting       | 2 3 4 5 6 7 |  7.3
Long Blades    | 1 2 3 4 5 6 |  6.2
Evocations     | 4 5 6 7 |  7.9
Stealth        | |  0.8

Action                   |  1- 3 |  4- 6 |  7- 9 | 10-12 || total
-------------------------+-------+-------+-------+-------++-------
Melee: Falchion          |   134 |   109 |   345 |   187 ||   775
       Kick              |       |    13 |   132 |    95 ||   240
       Great sword       |       |       |    54 |    13 ||    67
       Scimitar          |       |       |       |    26 ||    26
Evoke: Piece from Xom's  |     3 |     3 |     5 |     6 ||    17
       Wand              |       |       |     1 |       ||     1
  Use: Scroll            |       |       |     7 |     1 ||     8
 Stab: Sleeping          |     1 |       |     2 |     5 ||     8
       Petrifying        |     1 |       |       |       ||     1
       Distracted        |     1 |       |       |     1 ||     2
       Paralysed         |       |     2 |     3 |       ||     5
Armor: Leather armour    |    27 |       |       |       ||    27
       Scale mail        |    13 |    65 |   146 |       ||   224
       Ring mail         |     3 |       |       |       ||     3
       Chain mail        |       |       |    72 |       ||    72
       Steam dragon scal |       |       |    27 |    36 ||    63
Dodge: Dodged            |    76 |    72 |   293 |   160 ||   601

Table legend: (Time is in decaauts)
 A = Elapsed time spent in this place.
 B = Non-inter-level travel time spent in this place.
 C = Inter-level travel time spent in this place.
 D = Time resting spent in this place.
 E = Time spent auto-exploring this place.
 F = Levels seen in this place.
 G = Mean time per level.
                   A        B        C        D        E       F      G
               +--------+--------+--------+--------+--------+-----+--------+
         Total |  15444 |  15015 |    429 |   2596 |   9604 |  10 | 1544.4 |
       Dungeon |  15060 |  14696 |    364 |   2596 |   9351 |   8 | 1882.5 |
        Temple |    157 |     92 |     65 |      0 |     69 |   1 |  157.0 |
         Sewer |    226 |    226 |      0 |      0 |    184 |   1 |  226.0 |
               +--------+--------+--------+--------+--------+-----+--------+

Top non-repeatable levels by time:
     D:7: 3174 daAuts
     D:6: 3114 daAuts
     D:3: 1900 daAuts
     D:5: 1650 daAuts
     D:4: 1550 daAuts
     D:8: 1432 daAuts
     D:2: 1128 daAuts
     D:1: 1110 daAuts
   Sewer: 226 daAuts
  Temple: 157 daAuts
